 Dungeon Crawl Stone Soup version 0.26-a0-540-g8a0c9464d7 (webtiles) character file.

Game seed: 12285490004014070093

13141 HoaS the Grappler (level 11, -2/113 HPs)
             Began as a Troll Monk on Aug 19, 2020.
             Was an Elder of Makhleb.
             Slain by a seven-headed hydra (6 damage)
             ... on level 2 of the Lair of Beasts.
             The game lasted 00:21:07 (9280 turns).

HoaS the Grappler (Troll Monk)                      Turns: 9280, Time: 00:21:07

Health: -2/113     AC: 13    Str: 21    XL:     11   Next: 71%
Magic:  10/10      EV: 18    Int:  6    God:    Makhleb [****..]
Gold:   905        SH:  5    Dex: 15    Spells: 10/10 levels left

rFire    . . .     SeeInvis .   i - +0 quarterstaff
rCold    . . .     Faith    .   (shield currently unavailable)
rNeg     . . .     Spirit   .   A - +0 acid dragon scales
rPois    .         Reflect  +   (helmet restricted)
rElec    .         Harm     .   c - +2 cloak
rCorr    +                      (gloves unavailable)
MR       .....                  (boots unavailable)
Stlth    +.........             f - amulet of reflection
HPRegen  0.68/turn              k - +4 ring of evasion
MPRegen  0.12/turn              q - ring of resist corrosion

@: mighty
A: large, unfitting armour, claws 3, regeneration 1, shaggy fur 1, tough skin 3
a: Minor Destruction, Lesser Servant of Makhleb, Major Destruction, Renounce
Religion


You were on level 2 of the Lair of Beasts.
You worshipped Makhleb.
Makhleb was greatly pleased with you.
You visited 3 branches of the dungeon, and saw 13 of its levels.
You also visited: Gauntlet.

You collected 905 gold pieces.

Inventory:

Hand Weapons
 i - a +0 quarterstaff (weapon)
Armour
 c - a +2 cloak (worn)
 A - +0 acid dragon scales (worn)
Jewellery
 f - an amulet of reflection (around neck)
 k - a +4 ring of evasion (left claw)
 o - an uncursed ring of protection from cold
 q - a ring of resist corrosion (right claw)
Wands
 b - a wand of polymorph (3)
 j - a wand of iceblast (12)
 r - a wand of paralysis (11)
 t - a wand of random effects (17)
 u - a wand of enslavement (9)
 w - a wand of digging (9)
Scrolls
 e - 5 scrolls of teleportation
 h - a scroll of fog
 m - a scroll of fear
 n - 2 scrolls of blinking
 p - a scroll of identify
 y - 2 scrolls of remove curse
Potions
 a - 3 potions of lignification
 d - a potion of heal wounds
 g - 3 potions of mutation
 l - a potion of resistance {unknown}
 s - 3 potions of curing
 v - a potion of ambrosia
 B - a potion of stabbing {unknown}


   Skills:
 + Level 8.3 Fighting
 + Level 2.1 Armour
 + Level 8.3 Dodging
 - Level 1.0 Stealth
 * Level 13.2 Unarmed Combat


You had 10 spell levels left.
You didn't know any spells.
Your spell library contained the following spells:

 Spells                   Type           Power        Failure   Level
 Beastly Appendage        Tmut           #.....       54%         1
 Summon Small Mammal      Summ           #...         54%         1
 Call Imp                 Summ           #.......     67%         2
 Wereblood                Tmut           #.......     67%         2
 Call Canine Familiar     Summ           #.......     88%         3
 Spider Form              Tmut/Pois      #.........   88%         3
 Summon Guardian Golem    Hex/Summ       #.......     88%         3
 Ice Form                 Ice/Tmut       #.......     99%         4
 Summon Ice Beast         Ice/Summ       #.......     99%         4
 Summon Lightning Spire   Summ/Air       #.......     99%         4
 Blade Hands              Tmut           #.........   100%        5


Dungeon Overview and Level Annotations

Branches:
Dungeon (10/15)            Temple (1/1) D:4            Lair (2/6) D:10
    Orc (0/2) D:9         Gauntlet (visited)
  Swamp: Lair:2-4    Shoals: Lair:2-4     Snake: Lair:2-4    Spider: Lair:2-4

Altars:
Ashenzari
Cheibriados
Dithmenos
Elyvilon
Fedhas
Gozag
Hepliaklqana
Kikubaaqudgha
Makhleb
Nemelex Xobeh
Okawaru
Qazlal
Ru
Sif Muna
Trog
Uskayaw
Vehumet
Wu Jian
Xom
Yredelemnul
Zin
The Shining One

Shops:
D:7 (

Annotations:
D:3 2 runed translucent doors, HunterMK's ghost, amateur MiBe


Innate Abilities, Weirdness & Mutations

You are too large for most types of armour.
You have claws for hands.
Your natural rate of healing is unusually fast.
You are covered in fur. (AC +1)
You have extremely tough skin. (AC +3)


Message History

The seven-headed hydra is severely wounded.
The seven-headed hydra closely misses you.
You block the seven-headed hydra's attack.
The seven-headed hydra barely misses you.
The seven-headed hydra bites you!
* * * LOW HITPOINT WARNING * * *
The seven-headed hydra completely misses you.
The seven-headed hydra bites you!
* * * LOW HITPOINT WARNING * * *
The seven-headed hydra bites you but does no damage.
The seven-headed hydra bites you.
* * * LOW HITPOINT WARNING * * *
You block the seven-headed hydra's attack.
The seven-headed hydra bites you.
* * * LOW HITPOINT WARNING * * *
The seven-headed hydra bites you but does no damage.
You block the seven-headed hydra's attack.
The seven-headed hydra completely misses you.
The seven-headed hydra bites you.
You die...

##.......†........
#.................
###....##.#......
#....÷#...P#..#
##P.###....#.......#
#................#.####
####.....#................
..P##...##..............#
..............#.@..(..##
....P...#####....D..#.##
.## #...#.###.##.......###
..###...................P#
...........P.............#
...........##..............
....####...#...............
...## #..##.#.###..?....?P.
...P###........ ...#.......


You could see a seven-headed hydra.

Vanquished Creatures
  A hydra (Lair:1)
  A two-headed ogre (D:10)
  An unseen horror (D:8)
  Pikel (D:6)
  An ugly thing (D:8)
  3 cane toads (Lair:1)
  A komodo dragon (D:10)
  2 trolls
  Prince Ribbit (D:6)
  4 hippogriffs
  12 yaks
  A basilisk (Lair:2)
  3 wyverns
  Menkaure (D:7)
  An acid dragon (D:10)
  A porcupine (Lair:2)
  A water moccasin (D:8)
  6 orc warriors
  3 sky beasts
  2 phantoms
  4 ice beasts
  5 ogres
  6 centaurs
  3 crocodiles
  8 bullfrogs
  A gnoll sergeant (D:8)
  3 scorpions
  7 wights
  6 howler monkeys
  A quasit (D:6)
  2 centaur zombies
  A jelly (D:6)
  A bullfrog skeleton (D:7)
  6 hounds
  9 orc wizards
  3 orc priests
  A centaur skeleton (D:7)
  Ijyb (D:3)
  4 iguanas
  7 worker ants
  A hound zombie (D:8)
  2 hound skeletons
  A worker ant zombie (D:6)
  A howler monkey zombie (D:10)
  12 gnolls
  10 adders
  3 shadow imps
  6 white imps
  5 ufetubi
  An ooze (D:2)
  An adder skeleton (D:5)
  3 adder zombies (D:5)
  4 worms
  A dart slug (D:1)
  2 leopard geckos
  30 orcs
  8 bats
  3 giant cockroaches
  8 goblins
  11 hobgoblins
  15 jackals
  7 kobolds
  8 quokkas
  2 ball pythons
  6 frilled lizards
  A jackal zombie (D:5)
  A leopard gecko zombie (D:8)
  A quokka skeleton (D:5)
  5 rats (D:1)
285 creatures vanquished.

Vanquished Creatures (others)
  A frilled lizard (D:5)
  4 demonic plants (Gauntlet)
  3 toadstools (D:8)
8 creatures vanquished.

Grand Total: 293 creatures vanquished

Notes
Turn   | Place    | Note
-------+----------+-------------------------------------------
     0 | D:1      | HoaS the Troll Monk began the quest for the Orb.
     0 | D:1      | Reached XP level 1. HP: 22/22 MP: 0/0
   125 | D:1      | Reached XP level 2. HP: 29/29 MP: 1/1
   341 | D:1      | Reached XP level 3. HP: 25/36 MP: 2/2
   603 | D:1      | Reached skill level 4 in Unarmed Combat
   620 | D:2      | Reached XP level 4. HP: 44/44 MP: 3/3
   993 | D:2      | Found a sacrificial altar of Ru.
  1129 | D:3      | Noticed Ijyb
  1147 | D:3      | Killed Ijyb
  1147 | D:3      | Reached XP level 5. HP: 48/53 MP: 4/4
  1162 | D:3      | Found a runed translucent door.
  1257 | D:3      | Found a runed translucent door.
  1258 | D:3      | Noticed HunterMK's ghost (amateur MiBe)
  1600 | D:3      | Found a shimmering blue altar of Sif Muna.
  1614 | D:3      | Reached skill level 5 in Unarmed Combat
  1749 | D:3      | Found a glowing golden altar of the Shining One.
  1936 | D:4      | Reached XP level 6. HP: 47/61 MP: 5/5
  1986 | D:4      | Found an iron altar of Okawaru.
  2013 | D:4      | Found a staircase to the Ecumenical Temple.
  2029 | Temple   | Entered the Ecumenical Temple
  2558 | D:5      | Entered Level 5 of the Dungeon
  2577 | D:5      | Reached skill level 6 in Unarmed Combat
  2648 | D:5      | Noticed an ice beast
  2655 | D:5      | Killed an ice beast
  2655 | D:5      | Reached XP level 7. HP: 52/68 MP: 6/6
  2875 | D:5      | You fall into a shaft and drop 3 floors!
  2883 | D:8      | Found a blossoming altar of Fedhas.
  2913 | D:8      | Reached skill level 7 in Unarmed Combat
  2954 | D:8      | Reached XP level 8. HP: 79/79 MP: 7/7
  3120 | D:6      | Noticed Pikel
  3132 | D:6      | Killed Pikel
  3132 | D:6      | Reached skill level 5 in Fighting
  3132 | D:6      | Reached skill level 5 in Dodging
  3132 | D:6      | Reached skill level 8 in Unarmed Combat
  3349 | D:5      | Found a white marble altar of Elyvilon.
  3537 | D:6      | Found a shadowy altar of Dithmenos.
  3625 | D:6      | Reached XP level 9. HP: 88/88 MP: 8/8
  3637 | D:6      | Reached skill level 9 in Unarmed Combat
  3662 | D:6      | Noticed Prince Ribbit
  3668 | D:6      | Killed Prince Ribbit
  3828 | D:6      | Found an opulent altar of Gozag.
  3828 | D:6      | Found a hazy altar of Hepliaklqana.
  3829 | D:6      | Found a burning altar of Makhleb.
  3829 | D:6      | Found a shimmering altar of Xom.
  3834 | D:6      | Became a worshipper of Makhleb the Destroyer
  3834 | D:6      | Reached * piety under Makhleb
  3834 | D:6      | Reached ** piety under Makhleb
  4378 | D:7      | Noticed Menkaure
  4386 | D:7      | Killed Menkaure
  4387 | D:7      | Found Vienupro's Weapon Boutique.
  4614 | D:8      | Reached skill level 10 in Unarmed Combat
  4647 | D:8      | Reached *** piety under Makhleb
  4743 | D:8      | Noticed a troll
  4793 | D:8      | Killed a troll
  4793 | D:8      | Reached XP level 10. HP: 37/100 MP: 9/9
  4804 | D:8      | Killed an unseen horror
  5154 | D:8      | Reached skill level 11 in Unarmed Combat
  5391 | D:8      | Noticed a cyan ugly thing
  5398 | D:8      | Killed a cyan ugly thing
  5553 | D:8      | Found a hide-covered altar of Uskayaw.
  5977 | D:8      | Found a shattered altar of Ashenzari.
  6242 | D:9      | Reached **** piety under Makhleb
  6382 | D:9      | Reached skill level 12 in Unarmed Combat
  6465 | D:9      | Found a staircase to the Orcish Mines.
  6666 | D:9      | Found a bloodstained altar of Trog.
  6971 | D:10     | Entered Level 10 of the Dungeon
  7017 | D:10     | Reached XP level 11. HP: 81/109 MP: 10/10
  7099 | D:10     | Noticed a two-headed ogre
  7105 | D:10     | Killed a two-headed ogre
  7749 | D:10     | Found a staircase to the Lair.
  8038 | Lair:1   | Entered Level 1 of the Lair of Beasts
  8328 | Lair:1   | Found a gate leading to a gauntlet.
  8371 | Lair:1   | Reached skill level 1 in Armour
  8394 | Gauntlet | Entered a Gauntlet
  8394 | Gauntlet | Found a transporter.
  8403 | Gauntlet | Found a transporter.
  8403 | Gauntlet | Noticed a catoblepas
  8420 | Gauntlet | Found a transporter.
  8423 | Gauntlet | Found a transporter.
  8429 | Gauntlet | Noticed a white ugly thing
  8433 | Gauntlet | Found a transporter.
  8433 | Gauntlet | Noticed a glowing orange brain
  8453 | Gauntlet | Found a transporter.
  8456 | Gauntlet | Found a transporter.
  8460 | Gauntlet | Found a transporter.
  8483 | Gauntlet | Found a transporter.
  8491 | Gauntlet | Found a transporter.
  8491 | Gauntlet | Found a transporter.
  8499 | Gauntlet | Found a transporter.
  8550 | Gauntlet | Noticed a hell beast
  8757 | Lair:1   | You fall into a shaft and drop 1 floor!
  8783 | Lair:2   | Reached skill level 13 in Unarmed Combat
  9126 | Lair:2   | Noticed a seven-headed hydra
  9126 | Lair:2   | Noticed a seven-headed hydra
  9150 | Lair:1   | Killed a seven-headed hydra
  9280 | Lair:2   | HP: 5/113 [seven-headed hydra (6)]
  9280 | Lair:2   | Slain by a seven-headed hydra

Illustrated notes

Levels and vault maps discovered:
D:1:      dpeg_arrival_tiny_b, layout_rooms
D:2:      layout_rooms, lemuel_round_altar, serial_forest,
          infiniplex_forest_lined_corner, infiniplex_forest_zigzag_1,
          infiniplex_forest_clump_tiny, infiniplex_forest_straight_1,
          infiniplex_forest_straight_3, infiniplex_forest_lined_corner,
          infiniplex_forest_side_room
D:3:      layout_loops_corners, led_sif_book, ebering_ghost_sewer_f,
          nicolae_tso_carved_into_rock, uniq_ijyb
D:4:      layout_rooms, okawaru_gym_becter, minmay_temple_entry_ruins
D:5:      layout_rooms, elyvilon_altar_4
D:6:      layout_loops_corners, nicolae_dithmenos_through_a_glass_darkly,
          chequers_temple_overflow_statue_of_worship, minmay_holes, uniq_pikel,
          uniq_prince_ribbit1
D:7:      layout_cave_pools, serial_shops, shop, uniq_menkaure
D:8:      minmay_quarter_circles, layout_cave_pods, kennysheep_little_box,
          ashenzari_altar_1, old_standard_altar, minmay_gold_behind_fungi
D:9:      layout_basic, david_orc_4, trog_three_pillars_becter
D:10:     layout_loops_ring, erik_lair_dragon
Temple:   jpeg_temple_island
Lair:1:   layout_cave_pods, gauntlet_entry_generic, lemuel_fruit_tree,
          grunt_megastairs_4
Lair:2:   layout_gridlike, minmay_shoals_entry_beasts

Skill      XL: |  1  2  3  4  5  6  7  8  9 10 11 |
---------------+----------------------------------+-----
Unarmed Combat | 4 5 6 7 8 10 12 13 | 13.2
Dodging        | 3 4 5 6 7 8 |  8.3
Fighting       | 3 4 5 6 7 8 |  8.3
Armour         | 2 |  2.1
Stealth        | |  1.0

Action                   |  1- 3 |  4- 6 |  7- 9 | 10-12 || total
-------------------------+-------+-------+-------+-------++-------
Melee: Unarmed           |    57 |   206 |   277 |   343 ||   883
       Punch             |     1 |     2 |    11 |    23 ||    37
       Quarterstaff      |       |       |       |    20 ||    20
Evoke: Wand              |       |     3 |       |     1 ||     4
  Use: Scroll            |     3 |     8 |    10 |     5 ||    26
       Potion            |       |       |       |     2 ||     2
 Stab: Distracted        |     1 |       |       |       ||     1
       Sleeping          |       |     4 |     2 |       ||     6
Armor: Robe              |    39 |    83 |    46 |    59 ||   227
       Acid dragon scale |       |       |       |    71 ||    71
Dodge: Dodged            |    46 |   128 |   204 |   314 ||   692
Block: Other             |       |       |       |    31 ||    31

Table legend: (Time is in decaauts)
 A = Elapsed time spent in this place.
 B = Non-inter-level travel time spent in this place.
 C = Inter-level travel time spent in this place.
 D = Time resting spent in this place.
 E = Time spent auto-exploring this place.
 F = Levels seen in this place.
 G = Mean time per level.
                   A        B        C        D        E       F      G
               +--------+--------+--------+--------+--------+-----+--------+
         Total |   9165 |   8737 |    428 |    822 |   5869 |  14 |  654.6 |
       Dungeon |   7748 |   7344 |    404 |    719 |   4887 |  10 |  774.8 |
        Temple |    206 |    206 |      0 |      0 |    194 |   1 |  206.0 |
          Lair |    974 |    950 |     24 |    103 |    639 |   2 |  487.0 |
      Gauntlet |    235 |    235 |      0 |      0 |    149 |   1 |  235.0 |
               +--------+--------+--------+--------+--------+-----+--------+

Top non-repeatable levels by time:
     D:8: 1560 daAuts
    D:10: 1039 daAuts
     D:9: 892 daAuts
     D:6: 856 daAuts
  Lair:1: 847 daAuts
     D:3: 840 daAuts
     D:1: 595 daAuts
     D:7: 561 daAuts
     D:2: 475 daAuts
     D:4: 469 daAuts
     D:5: 457 daAuts
Gauntlet: 235 daAuts
  Temple: 206 daAuts
  Lair:2: 127 daAuts
